 Dungeon Crawl Stone Soup version 0.19.1 (webtiles) character file.

2385 ZaaltNaerthe the Ruffian (level 9, -1/75 HPs)
             Began as a Ghoul Monk on Dec 23, 2016.
             Was a High Priest of Ru.
             Slain by a killer bee (9 damage)
             ... on level 8 of the Dungeon.
             The game lasted 00:42:11 (7437 turns).

ZaaltNaerthe the Ruffian (Ghoul Monk)               Turns: 7437, Time: 00:42:11

Health: -1/75      AC:  5    Str: 18    XL:     9   Next: 45%
Magic:  1/8        EV: 13    Int:  5    God:    Ru [*****.]
Gold:   331        SH:  0    Dex: 11    Spells: 0 memorised, 8 levels left

rFire  x . .     SeeInvis .       - Unarmed
rCold  . . .     Gourm    .     a - +0 robe
rNeg   + + +     Faith    +     (no shield)
rPois  ∞         Spirit   .     i - +2 helmet
rElec  .         Reflect  .     (no cloak)
rCorr  .         Harm     .     (no gloves)
MR     .....                    (no boots)
Stlth  +++.......               r - amulet of faith
                                (no ring)
                                (no ring)

@: exhausted, very slightly contaminated, rotting, hasted, drained, very quick
A: rotting body, claws 1, carnivore 3, cold resistance 1, negative energy
resistance 3, slow regeneration 1, torment resistance, unbreathing, hated by
all, unskilled 1, temperature sensitive
a: Draw Out Power, Power Leap, Apocalypse, Renounce Religion


You were on level 8 of the Dungeon.
You worshipped Ru.
Ru was extremely pleased with you.
You were not hungry.

You visited 1 branch of the dungeon, and saw 8 of its levels.

You collected 331 gold pieces.

Inventory:

Missiles
 u - 5 javelins (quivered)
Armour
 a - a +0 robe (worn)
 i - a +2 helmet (worn)
Jewellery
 r - an amulet of faith (around neck)
Wands
 h - a wand of slowing (4/48)
Scrolls
 c - 4 scrolls of identify
 e - a scroll of amnesia {unknown}
 m - a scroll of silence {unknown}
Potions
 d - a potion of mutation {unknown}
 g - 2 potions of haste
 j - a potion of resistance {unknown}
 n - a potion of magic {unknown}
 o - a potion of curing
Books
 p - a book of Misfortune

   Spells                             Type                      Level
   a - Confusing Touch                Hexes                        1
   b - Confuse                        Hexes                        3
   c - Gell's Gravitas                Hexes/Translocation          3
   d - Petrify                        Transmutation/Earth          4
   e - Metabolic Englaciation         Hexes/Ice                    5
   f - Yara's Violent Unravelling     Hexes/Transmutation          5
Comestibles
 b - 2 meat rations
 k - 2 beef jerkies
 q - 2 chunks of flesh
 s - 2 slices of pizza
 t - a royal jelly


   Skills:
 + Level 6.0(4.8) Fighting
 + Level 4.3(3.2) Throwing
 + Level 5.2(4.0) Dodging
 + Level 6.3(5.1) Stealth
 + Level 6.6(5.3) Unarmed Combat


You had 8 spell levels left.
You didn't know any spells.

Dungeon Overview and Level Annotations

Branches:
Dungeon (8/15)             Temple (0/1) D:5
   Lair: D:8-11

Altars:
Ashenzari
Cheibriados
Fedhas
Gozag
Nemelex Xobeh
Okawaru
Ru
Sif Muna
Xom
Yredelemnul

Annotations:
D:4 lupus83's ghost, amateur HOBe
D:6 Blunderbuss's ghost, novice MiCK
D:8 exclusion: ice statue


Innate Abilities, Weirdness & Mutations

Your body is rotting away.
You thrive on raw meat.
You are immune to poison.
You have sharp fingernails.
You are carnivorous and can eat meat at any time.
Your flesh is cold resistant. (rC+)
You are immune to negative energy. (rN+++)
You regenerate slowly when monsters are visible.
You are immune to unholy pain and torment.
You can survive without breathing.
You are hated by all.
You are somewhat unskilled. (-1 Apt)
You are sensitive to extremes of temperature. (rF-, rC-)


Message History

Okay, then.
It was a potion of haste.
You feel yourself speed up. The killer bee stings you.
* * * LOW HITPOINT WARNING * * *
You hear an angry buzzing noise.
The killer bee stings you but does no damage.
You hear an angry buzzing noise.
The killer bee completely misses you. The killer bee stings you!
* * * LOW HITPOINT WARNING * * *
You are very lightly contaminated with residual magic.
You hear an angry buzzing noise.
The killer bee closely misses you.
You redirect the killer bee's attack!
The killer bee misses itself.
The killer bee barely misses you.
The killer bee stings you but does no damage.
The killer bee misses you. The killer bee barely misses you.
The killer bee rages.
The killer bee stings you!
You die...

.## #..8 ##..#.#..# #.# ..##
#.... ...#..... #.# ...##
#..=.. ##.#.###.#.# #.#
##..###.....# #.. .. ..#..
#.# ##.#...F.. #.# ### .# #
#.# #.##... #.# ##.# .#..
###..#.########.## #..##..
.................####......
###.............@y.y..#.#####
....######........yy..!..o..<
##### #.......####.#.####
#.......# #.#.#
#.......####†#.####
......................
###...............#..#
#.........<.†..y...
#...............)...


You could see 4 killer bees.

Vanquished Creatures
  A queen bee (D:8)
  A water moccasin (D:8)
  2 black bears
  3 ice beasts
  A phantom (D:5)
  2 ogres
  3 bullfrogs
  A scorpion (D:4)
  8 killer bees (D:8)
  2 howler monkeys
  A crimson imp (D:5)
  2 hounds
  A quasit (D:6)
  A bullfrog skeleton (D:8)
  2 orc priests (D:3)
  4 orc wizards
  5 worker ants
  A worker ant zombie (D:8)
  4 gnolls (D:3)
  10 adders
  A shadow imp (D:5)
  3 oozes
  2 adder skeletons (D:4)
  A worm (D:2)
  7 leopard geckos
  15 orcs
  7 bats
  2 giant cockroaches
  6 hobgoblins
  10 jackals
  A quokka (D:8)
  A ball python (D:1)
  8 frilled lizards
  7 goblins
  8 kobolds
  A quokka skeleton (D:8)
  14 rats
149 creatures vanquished.

Notes
Turn   | Place    | Note
-------+----------+-------------------------------------------
     0 | D:1      | ZaaltNaerthe the Ghoul Monk began the quest for the Orb.
     0 | D:1      | Reached XP level 1. HP: 19/19 MP: 0/0
   248 | D:1      | Reached XP level 2. HP: 1/26 MP: 1/1
   258 | D:1      | HP: 1/26 [frilled lizard (1)]
   858 | D:1      | Reached XP level 3. HP: 27/31 MP: 2/2
  1467 | D:2      | Reached XP level 4. HP: 34/37 MP: 3/3
  1740 | D:2      | Reached skill level 1 in Throwing
  1797 | D:2      | Found a sacrificial altar of Ru.
  1799 | D:2      | Found a shattered altar of Ashenzari.
  1801 | D:2      | Found a snail-covered altar of Cheibriados.
  1801 | D:2      | Found a deep blue altar of Sif Muna.
  1832 | D:2      | Became a worshipper of Ru the Awakened
  1854 | D:2      | Gained mutation: You are sensitive to extremes of temperature. (rF-, rC-) [Ru sacrifice]
  1854 | D:2      | Reached * piety under Ru
  1854 | D:2      | Reached ** piety under Ru
  1854 | D:2      | Reached *** piety under Ru
  2321 | D:3      | Reached XP level 5. HP: 19/44 MP: 4/4
  2583 | D:3      | Reached XP level 6. HP: 30/52 MP: 5/5
  3315 | D:4      | Noticed lupus83's ghost (amateur HOBe)
  3348 | D:4      | Noticed a black bear
  3594 | D:4      | Noticed an ice beast
  3602 | D:4      | Killed an ice beast
  3602 | D:4      | Reached skill level 5 in Unarmed Combat
  3960 | D:4      | Reached XP level 7. HP: 58/58 MP: 6/6
  4113 | D:5      | Entered Level 5 of the Dungeon
  4462 | D:5      | Found a shimmering altar of Xom.
  4564 | D:5      | Gained mutation: You are somewhat unskilled. (-1 Apt) [Ru sacrifice]
  4564 | D:5      | Reached **** piety under Ru
  4884 | D:5      | Found a sparkling altar of Nemelex Xobeh.
  4948 | D:5      | Found a blossoming altar of Fedhas.
  4949 | D:5      | Found an iron altar of Okawaru.
  4949 | D:5      | Found an opulent altar of Gozag.
  4950 | D:5      | Found a basalt altar of Yredelemnul.
  4957 | D:5      | Found a staircase to the Ecumenical Temple.
  5125 | D:5      | Reached XP level 8. HP: 61/66 MP: 7/7
  5716 | D:6      | Reached skill level 5 in Fighting
  5716 | D:6      | Reached skill level 5 in Stealth
  5725 | D:6      | Noticed Blunderbuss's ghost (novice MiCK)
  6356 | D:7      | Found a sparkling altar of Nemelex Xobeh.
  7085 | D:8      | Gained mutation: You are hated by all. [Ru sacrifice]
  7085 | D:8      | Reached ***** piety under Ru
  7332 | D:8      | Reached XP level 9. HP: 67/74 MP: 8/8
  7385 | D:8      | Noticed an ice statue
  7419 | D:8      | Noticed a queen bee
  7424 | D:8      | Reached skill level 5 in Dodging
  7427 | D:8      | Killed a queen bee
  7437 | D:8      | Slain by a killer bee

Skill      XL: |  1  2  3  4  5  6  7  8  9 |
---------------+----------------------------+-----
Dodging        | 3 4 5 |  5.2
Stealth        | 3 4 5 6 |  6.3
Unarmed Combat | 4 5 6 |  6.6
Throwing       | 1 2 2 3 4 |  4.3
Fighting       | 4 5 6 |  6.0

Action                   |  1- 3 |  4- 6 |  7- 9 || total
-------------------------+-------+-------+-------++-------
Melee: Unarmed           |   101 |   229 |   216 ||   546
       Punch             |       |     9 |     2 ||    11
Throw: Stone             |     1 |    16 |       ||    17
       Javelin           |       |    14 |     6 ||    20
Invok: Sacrifice Resista |       |     1 |       ||     1
       Draw Out Power    |       |     1 |       ||     1
       Power Leap        |       |       |     5 ||     5
       Sacrifice Skill   |       |       |     1 ||     1
       Sacrifice Love    |       |       |     1 ||     1
       Apocalypse        |       |       |     1 ||     1
Evoke: Wand              |       |       |     2 ||     2
  Use: Scroll            |       |    10 |     2 ||    12
       Potion            |       |       |     2 ||     2
 Stab: Sleeping          |     3 |     5 |     8 ||    16
       Distracted        |     1 |     2 |       ||     3
       Invisible         |       |     1 |       ||     1
       Paralysed         |       |       |     4 ||     4
  Eat: Chunk             |     3 |    25 |    18 ||    46
Armor: Robe              |    31 |    32 |    40 ||   103
Dodge: Dodged            |    96 |   126 |   134 ||   356
